 Dungeon Crawl Stone Soup version 0.30.1-11-g7821555f0a (webtiles) character file.

Game seed: 1935562510662342667

268 Gumption the Gusty (level 6, -7/43 (45) HPs)
             Began as a Draconian Air Elementalist on Nov 17, 2023.
             Killed from afar by Dowan (9 damage)
             ... with a stone arrow
             ... on level 4 of the Dungeon.
             The game lasted 00:51:53 (5427 turns).

Gumption the Gusty (Draconian Air Elementalist)     Turns: 5427, Time: 00:51:53

HP:   -7/43 (45)    AC:  8    Str: 10    XL:     6   Next: 1%
MP:   1/10          EV: 12    Int: 18    God:
Gold: 215           SH:  0    Dex: 11    Spells: 1/11 levels left

rFire   . . .        a - +0 short sword (venom)
rCold   . . .        (no shield)
rNeg    . . .        (body armour unavailable)
rPois   .            (helmet restricted)
rElec   .            o - +0 cloak
rCorr   .            (no gloves)
SInv    .            t - +0 pair of boots
Will    .....        e - amulet of regeneration
Stlth   ++           (no ring)
HPRegen 1.07/turn    (no ring)
MPRegen 0.12/turn

%: no passive effects
@: lightly drained
A: AC +6, unfitting armour, cold-blooded
a: no special abilities


You were on level 4 of the Dungeon.
You visited 1 branch of the dungeon, and saw 4 of its levels.

You collected 215 gold pieces.

Inventory:

Hand Weapons
 a - a +0 short sword of venom (weapon)
 d - a +0 dagger
Missiles
 c - 44 stones
 q - 14 poisoned darts (quivered)
Armour
 o - a +0 cloak (worn)
 t - a +0 pair of boots (worn)
Jewellery
 e - an amulet of regeneration (around neck)
Wands
 i - a wand of digging (3)
Scrolls
 b - 2 scrolls of amnesia
 f - a scroll of fear {unknown}
 h - a scroll of teleportation {unknown}
 j - a scroll of vulnerability {unknown}
 k - a scroll of enchant armour {unknown}
 n - a scroll of fog {unknown}
 p - a scroll of poison {unknown}
 r - 2 scrolls of blinking {unknown}
 u - 2 scrolls of noise {unknown}
 v - a scroll of enchant weapon {unknown}
 w - a scroll of identify
Potions
 g - a potion of magic
 l - a potion of might
 m - a potion of lignification
 s - 2 potions of curing {unknown}


   Skills:
 + Level 2.9 Dodging
 - Level 1.7 Stealth
 + Level 3.0 Spellcasting
 - Level 3.0 Conjurations
 * Level 4.8 Air Magic


You had one spell level left.
You knew the following spells:

 Your Spells              Type           Power      Damage    Failure   Level
a - Shock                 Conj/Air       64%        1d7       3%          1
b - Static Discharge      Conj/Air       32%        2-4/arc   4%          2
c - Swiftness             Air            20%        N/A       7%          3
d - Airstrike             Air            10%        2d(2-18)  22%         4

Your spell library contained the following spells:

 Spells                   Type           Power      Damage    Failure   Level


Dungeon Overview and Level Annotations

Branches:
Dungeon (4/15)
 Temple: D:4-7

Altars:
Gozag

Shops:
D:1 ?

Annotations:
D:4 1 runed translucent door, Crazy Yiuf, Dowan


Innate Abilities, Weirdness & Mutations

Your plain brown scales are hard. (AC +6)
You cannot fit into any form of body armour.
You are cold-blooded and may be slowed by cold attacks.


Message History

The bolt of dispelling energy misses you.
Dowan hits you with a +1 dagger of draining.
You feel drained.
Duvessa gestures with her weapon.
Duvessa hits you but does no damage.
Casting: Static Discharge (safe; 4% risk of failure)
Confirm with . or Enter, or press ? or * to list all spells.
Dowan is struck by an arc of lightning.
Dowan is moderately wounded.
Duvessa is struck by an arc of lightning.
Duvessa is severely wounded.
You are struck by an arc of lightning.
The lightning grounds out.
Dowan gestures wildly while chanting.
Dowan blinks!
Duvessa hits you with a +6 short sword of speed!
Duvessa hits you but does no damage.
Duvessa hits you with a +6 short sword of speed!
* * * LOW HITPOINT WARNING * * *
You barely miss Duvessa.
Your tail-slap misses Duvessa.
Duvessa is severely wounded.
Dowan casts a spell at you.
The puff of flame hits you but does no damage.
Duvessa barely misses you.
Casting: Static Discharge (safe; 4% risk of failure)
Confirm with . or Enter, or press ? or * to list all spells.
Duvessa is struck by an arc of lightning.
Duvessa is almost dead.
You are struck by an arc of lightning.
* * * LOW HITPOINT WARNING * * *
Duvessa is struck by an arc of lightning.
Duvessa is almost dead.
The lightning grounds out.
Duvessa closely misses you.
Duvessa hits you with a +6 short sword of speed!
* * * LOW HITPOINT WARNING * * *
You kill Duvessa!
Dowan screams, "No!
No!"
Dowan seems to find hidden reserves of power!
Dowan gestures at you while chanting. The stone arrow hits you!
You die...

............####.........>..#
##.###........ #.###.######.#
.............###..........#.#
.............###..#########.#
.###.#..#......#..# #.#
........#....# #..# #.#
####.##.#....# #e.#########.#
...#.##.#...##.#............#
......†.........@##########.#
####.##.#..###..)...# #.#
.........†...######.# #.#
.................##.# #.#
........#.##.###....# #.#
####.........# ###### #.#
#.#######.# #.# ### ### ###


You could see Dowan (fast).

Vanquished Creatures
  Duvessa (D:4)
  A scorpion (D:4)
  A hound (D:4)
  2 adders (D:2)
  4 gnolls
  An ufetubus (D:4)
  A worm (D:4)
  6 dart slugs
  4 orcs
  2 bats
  10 endoplasms
  3 giant cockroaches
  11 goblins
  6 hobgoblins
  8 jackals
  4 quokkas
  7 ball pythons
  8 frilled lizards
  3 kobolds
  9 rats
92 creatures vanquished.

Notes
Turn   | Place    | Note
-------+----------+-------------------------------------------
     0 | D:1      | Gumption the Draconian Air Elementalist began the quest for
                  | the Orb.
     0 | D:1      | Reached XP level 1. HP: 14/14 MP: 3/3
   377 | D:1      | Reached XP level 2. HP: 4/20 MP: 1/5
   556 | D:1      | Learned a level 2 spell: Static Discharge
   595 | D:1      | Found Zibureom's Magic Scroll Shop.
  1334 | D:1      | Reached XP level 3. HP: 26/26 MP: 3/6
  2524 | D:2      | Reached XP level 4. HP: 33/33 MP: 5/7
  3259 | D:3      | Reached skill level 4 in Air Magic
  3492 | D:3      | Reached XP level 5. HP: 38/38 MP: 3/8
  3883 | D:3      | Learned a level 3 spell: Swiftness
  4624 | D:4      | Noticed Dowan
  4839 | D:4      | Found a runed translucent door.
  4840 | D:4      | Noticed Crazy Yiuf
  4933 | D:4      | Found an opulent altar of Gozag.
  5001 | D:4      | Reached XP level 6. HP: 45/45 MP: 8/10
  5045 | D:4      | Learned a level 4 spell: Airstrike
  5415 | D:4      | Noticed Duvessa
  5426 | D:4      | HP: 1/43 [Duvessa/+6 short sword of speed (11)]
  5427 | D:4      | Killed Duvessa
  5427 | D:4      | Killed from afar by Dowan

Illustrated notes

Levels and vault maps discovered:
D:1:      dpeg_arrival_solitude, layout_rooms, serial_shops, shop,
          serial_forest, infiniplex_forest_straight_2,
          infiniplex_forest_clump_small, infiniplex_forest_straight_5,
          infiniplex_forest_lined_4_way, infiniplex_forest_lined_3,
          infiniplex_forest_end_3, infiniplex_forest_corner_2,
          infiniplex_forest_clump_curved, minmay_misc_feat_square
D:2:      layout_loops_cross, kennysheep_generic_room_11
D:3:      layout_rooms
D:4:      layout_basic, mainiacjoe_overflow_alcove_4,
          mainiacjoe_overflow_big_doors, uniq_crazy_yiuf_cottage, uniq_duvessa

Skill      XL: |  1  2  3  4  5 |
---------------+----------------+-----
Dodging        | 2 |  2.9
Conjurations   | 2 3 |  3.0
Air Magic      | 4 |  4.8
Spellcasting   | 3 |  3.0
Stealth        | |  1.7

Action                     |  1- 3 |  4- 6 || total
---------------------------+-------+-------++-------
  Melee: Short sword       |    77 |    25 ||   102
         Tailslap          |    23 |     6 ||    29
         Punch             |     1 |       ||     1
  Throw: Dart              |       |     1 ||     1
   Cast: Shock             |    75 |    76 ||   151
         Static Discharge  |     3 |    12 ||    15
    Use: Scroll            |       |     3 ||     3
   Stab: Sleeping          |     2 |     2 ||     4
         Distracted        |       |     1 ||     1
 Armour: Skin              |    14 |    22 ||    36
  Dodge: Dodged            |    14 |    37 ||    51
